 Dungeon Crawl Stone Soup version 0.22.0-38-g04b72b8 (webtiles) character file.

1605 Lew the Ducker (level 8, -25/69 HPs)
             Began as a Gnoll Monk on Aug 28, 2018.
             Was an Elder of Okawaru.
             Hit by a large rock thrown by a cyclops (32 damage)
             ... on level 8 of the Dungeon.
             The game lasted 00:14:32 (6411 turns).

Lew the Ducker (Gnoll Monk)                         Turns: 6411, Time: 00:14:33

Health: -25/69     AC: 11    Str: 21    XL:     8   Next: 94%
Magic:  13/13      EV: 16    Int: 11    God:    Okawaru [****..]
Gold:   110        SH:  0    Dex: 17    Spells: 14/14 levels left

rFire    . . .     SeeInvis .   g - +1 long sword
rCold    . . .     Gourm    +   (no shield)
rNeg     . . .     Faith    .   s - +3 ring mail
rPois    .         Spirit   .   (no helmet)
rElec    .         Reflect  .   (no cloak)
rCorr    +         Harm     .   (no gloves)
MR       .....                  a - +0 pair of boots
Stlth    +++.......             m - amulet of the gourmand
HPRegen  0.21/turn              j - +1 ring of protection
MPRegen  0.13/turn              d - ring of resist corrosion

@: mighty
A: distributed training, fangs 1, rugged brown scales 1, dopey 1, strong nose
a: Heroism, Renounce Religion


You were on level 8 of the Dungeon.
You worshipped Okawaru.
Okawaru was greatly pleased with you.
You were very hungry.

You visited 2 branches of the dungeon, and saw 9 of its levels.

You collected 347 gold pieces.
You spent 237 gold pieces at shops.

Inventory:

Hand Weapons
 g - a +1 long sword (weapon)
Armour
 a - a +0 pair of boots (worn)
 s - a +3 ring mail (worn)
Jewellery
 d - a ring of resist corrosion (right hand)
 h - an uncursed ring of fire
 j - a +1 ring of protection (left hand)
 m - an amulet of the gourmand (around neck)
Wands
 q - a wand of digging (14)
Scrolls
 e - a scroll of magic mapping {unknown}
 f - a scroll of identify
 k - 4 scrolls of remove curse
Potions
 b - 3 potions of curing
 i - a potion of heal wounds
 p - a potion of lignification
 t - a potion of brilliance
Comestibles
 c - 7 rations


   Skills:
 + Level 7.5 Fighting
 + Level 3.6 Short Blades
 + Level 7.5 Long Blades
 + Level 3.6 Axes
 + Level 3.6 Maces & Flails
 + Level 3.6 Polearms
 + Level 3.6 Staves
 + Level 3.6 Slings
 + Level 3.6 Bows
 + Level 3.6 Crossbows
 + Level 3.6 Throwing
 + Level 3.6 Armour
 + Level 7.5 Dodging
 + Level 5.6 Stealth
 + Level 3.6 Shields
 + Level 3.6 Unarmed Combat
 + Level 3.6 Spellcasting
 + Level 3.0 Conjurations
 + Level 3.0 Hexes
 + Level 3.0 Charms
 + Level 3.0 Summonings
 + Level 3.0 Necromancy
 + Level 3.0 Translocations
 + Level 3.0 Transmutations
 + Level 3.0 Fire Magic
 + Level 3.0 Ice Magic
 + Level 3.0 Air Magic
 + Level 3.0 Earth Magic
 + Level 3.0 Poison Magic
 + Level 4.0 Invocations
 + Level 3.6 Evocations


You had 14 spell levels left.
You didn't know any spells.
Your spell library was empty.

Dungeon Overview and Level Annotations

Branches:
Dungeon (9/15)             Temple (1/1) D:4            Lair (0/6) D:9
    Orc: D:9-12

Altars:
Ashenzari
Cheibriados
Dithmenos
Elyvilon
Gozag
Hepliaklqana
Kikubaaqudgha
Nemelex Xobeh
Okawaru
Ru
Sif Muna
Trog
Uskayaw
Vehumet
Yredelemnul

Shops:
D:5 *   D:6 [


Innate Abilities, Weirdness & Mutations

Your experience applies equally to all skills.
You have very sharp teeth.
Your uncanny sense of smell can sniff out nearby items.
You are partially covered in rugged brown scales. (AC +1, +3% HP)
You are dopey. (Int -2)


Message History

* * * LOW HITPOINT WARNING * * *
Unknown command.
You slash the scorpion!
You kill the scorpion!
Okawaru accepts your kill.
Your Conjurations skill increases to level 3!
Your Hexes skill increases to level 3!
Your Charms skill increases to level 3!
Your Summonings skill increases to level 3!
Your Necromancy skill increases to level 3!
Your Translocations skill increases to level 3!
Your Transmutations skill increases to level 3!
Your Fire Magic skill increases to level 3!
Your Ice Magic skill increases to level 3!
Your Air Magic skill increases to level 3!
Your Earth Magic skill increases to level 3!
Your Poison Magic skill increases to level 3!
The cyclops throws a large rock.
The large rock hits you.
* * * LOW HITPOINT WARNING * * *
The cyclops throws a large rock.
The large rock hits you!!
You die...

#### ## .
#...#.# . ......
#. #..#.# .
∆#.##..#.# ...
###..#..#.##..%.
................
.......)@.C.....
####.#(#.##....
#.#.#.# ...
#.).#.##....
##..........
#....##.#.
#....##.#.
#.>.......C
#...............


You could see a cyclops.

Vanquished Creatures
  An ugly thing (D:6)
  Eustachio (D:6)
  2 ice beasts
  A centaur (D:5)
  2 scorpions
  A wyvern skeleton (D:8)
  2 bullfrog zombies
  2 hounds
  5 orc priests
  A bullfrog skeleton (D:5)
  An iguana (D:4)
  3 orc wizards (D:4)
  A worker ant (D:4)
  A killer bee zombie (D:6)
  A hound zombie (D:6)
  6 gnolls
  A howler monkey skeleton (D:4)
  4 adders
  An ooze (D:2)
  An adder skeleton (D:3)
  4 worms
  A dart slug (D:1)
  2 leopard geckos
  14 orcs
  6 giant cockroaches
  9 goblins
  9 hobgoblins
  6 jackals
  A quokka (D:6)
  2 ball pythons (D:1)
  4 bats
  6 frilled lizards
  2 jackal skeletons
  7 kobolds
  A leopard gecko zombie (D:5)
  A quokka skeleton (D:4)
  5 rats
118 creatures vanquished.

Vanquished Creatures (others)
  An iguana (D:9)
1 creature vanquished.

Grand Total: 119 creatures vanquished

Notes
Turn   | Place    | Note
-------+----------+-------------------------------------------
     0 | D:1      | Lew the Gnoll Monk began the quest for the Orb.
     0 | D:1      | Reached XP level 1. HP: 23/23 MP: 1/1
    63 | D:1      | Reached XP level 2. HP: 29/29 MP: 2/2
   299 | D:1      | Reached XP level 3. HP: 33/35 MP: 3/3
   639 | D:1      | 1
   697 | D:2      | Reached skill level 1 in Invocations
   789 | D:2      | Reached skill level 1 in Short Blades
   789 | D:2      | Reached skill level 1 in Axes
   789 | D:2      | Reached skill level 1 in Maces & Flails
   789 | D:2      | Reached skill level 1 in Polearms
   789 | D:2      | Reached skill level 1 in Staves
   789 | D:2      | Reached skill level 1 in Slings
   789 | D:2      | Reached skill level 1 in Bows
   789 | D:2      | Reached skill level 1 in Crossbows
   789 | D:2      | Reached skill level 1 in Throwing
   789 | D:2      | Reached skill level 1 in Armour
   789 | D:2      | Reached skill level 1 in Shields
   789 | D:2      | Reached skill level 1 in Unarmed Combat
   789 | D:2      | Reached skill level 1 in Spellcasting
   789 | D:2      | Reached skill level 1 in Evocations
   840 | D:2      | Reached XP level 4. HP: 39/41 MP: 5/5
  1838 | D:3      | Reached skill level 1 in Conjurations
  1838 | D:3      | Reached skill level 1 in Hexes
  1838 | D:3      | Reached skill level 1 in Charms
  1838 | D:3      | Reached skill level 1 in Summonings
  1838 | D:3      | Reached skill level 1 in Necromancy
  1838 | D:3      | Reached skill level 1 in Translocations
  1838 | D:3      | Reached skill level 1 in Transmutations
  1838 | D:3      | Reached skill level 1 in Fire Magic
  1838 | D:3      | Reached skill level 1 in Ice Magic
  1838 | D:3      | Reached skill level 1 in Air Magic
  1838 | D:3      | Reached skill level 1 in Earth Magic
  1838 | D:3      | Reached skill level 1 in Poison Magic
  1838 | D:3      | Reached XP level 5. HP: 35/47 MP: 6/6
  2129 | D:3      | Gained mutation: You are dopey. (Int -2) [potion of mutation]
  2129 | D:3      | Gained mutation: You are partially covered in rugged brown scales. (AC +1, +3% HP) [potion of mutation]
  2223 | D:4      | Found a shattered altar of Ashenzari.
  2271 | D:4      | Found a staircase to the Ecumenical Temple.
  2398 | Temple   | Entered the Ecumenical Temple
  2522 | Temple   | Became a worshipper of Warmaster Okawaru
  2522 | Temple   | Reached * piety under Okawaru
  2522 | Temple   | Reached ** piety under Okawaru
  2822 | D:4      | Reached XP level 6. HP: 38/54 MP: 8/8
  3802 | D:4      | Reached XP level 7. HP: 33/60 MP: 10/10
  4243 | D:5      | Entered Level 5 of the Dungeon
  4590 | D:5      | Found a shadowy altar of Dithmenos.
  4622 | D:5      | Found Obicha Xyci's Assorted Antiques.
  4628 | D:5      | Bought a scroll of identify for 54 gold pieces
  4628 | D:5      | Bought a runed leather armour for 135 gold pieces
  4628 | D:5      | Bought a murky coppery potion for 24 gold pieces
  4628 | D:5      | Bought an amethyst potion for 24 gold pieces
  4716 | D:5      | Found a white marble altar of Elyvilon.
  4719 | D:5      | Found a sparkling altar of Nemelex Xobeh.
  4720 | D:5      | Found an opulent altar of Gozag.
  4973 | D:5      | Reached *** piety under Okawaru
  4973 | D:5      | Reached skill level 5 in Stealth
  5736 | D:6      | Found Eqeil's Armour Shoppe.
  5828 | D:6      | Noticed a green ugly thing
  5850 | D:6      | Killed a white ugly thing
  5850 | D:6      | Reached XP level 8. HP: 60/69 MP: 12/12
  5941 | D:6      | Noticed Eustachio
  5972 | D:6      | Killed Eustachio
  5972 | D:6      | Reached **** piety under Okawaru
  6254 | D:6      | Found a hazy altar of Hepliaklqana.
  6261 | D:6      | You fall through a shaft for 3 floors!
  6261 | D:9      | Found a staircase to the Lair.
  6261 | D:9      | Noticed a death yak
  6261 | D:9      | Noticed a death yak
  6261 | D:9      | Noticed a death yak
  6382 | D:8      | Noticed a cyclops
  6411 | D:8      | Hit by a large rock thrown by a cyclops

Skill      XL: |  1  2  3  4  5  6  7  8 |
---------------+-------------------------+-----
Invocations    | 1 2 3 4 |  4.0
Short Blades   | 1 2 3 |  3.6
Axes           | 1 2 3 |  3.6
Maces & Flails | 1 2 3 |  3.6
Polearms       | 1 2 3 |  3.6
Staves         | 1 2 3 |  3.6
Slings         | 1 2 3 |  3.6
Bows           | 1 2 3 |  3.6
Crossbows      | 1 2 3 |  3.6
Throwing       | 1 2 3 |  3.6
Armour         | 1 2 3 |  3.6
Shields        | 1 2 3 |  3.6
Unarmed Combat | 1 2 3 |  3.6
Spellcasting   | 1 2 3 |  3.6
Evocations     | 1 2 3 |  3.6
Conjurations   | 1 2 3 |  3.0
Hexes          | 1 2 3 |  3.0
Charms         | 1 2 3 |  3.0
Summonings     | 1 2 3 |  3.0
Necromancy     | 1 2 3 |  3.0
Translocations | 1 2 3 |  3.0
Transmutations | 1 2 3 |  3.0
Fire Magic     | 1 2 3 |  3.0
Ice Magic      | 1 2 3 |  3.0
Air Magic      | 1 2 3 |  3.0
Earth Magic    | 1 2 3 |  3.0
Poison Magic   | 1 2 3 |  3.0
Fighting       | 7 |  7.5
Long Blades    | 7 |  7.5
Dodging        | 7 |  7.5
Stealth        | 5 |  5.6

Action                   |  1- 3 |  4- 6 |  7- 9 || total
-------------------------+-------+-------+-------++-------
Melee: Falchion          |    92 |   226 |    23 ||   341
       Bite              |     9 |    27 |    24 ||    60
       Punch             |       |     3 |     3 ||     6
       Long sword        |       |       |   131 ||   131
  Use: Scroll            |     4 |     4 |     8 ||    16
       Potion            |     3 |     5 |     6 ||    14
 Stab: Sleeping          |     5 |     3 |     6 ||    14
       Invisible         |       |       |     5 ||     5
  Eat: Chunk             |       |     4 |     6 ||    10
       Ration            |       |     2 |       ||     2
Armor: Ring mail         |    16 |    35 |    44 ||    95
       Chain mail        |       |    68 |       ||    68
       Leather armour    |       |       |     2 ||     2
Dodge: Dodged            |    62 |   126 |   158 ||   346
       Rpst.: Falchion   |    13 |    46 |     1 ||    60
       Long sword        |       |       |    49 ||    49
